 Dungeon Crawl Stone Soup version 0.25.1-8-g42b30a86e7 (webtiles) character file.

Game seed: 18134110455348754954

198 Abzac the Firebug (level 5, -1/38 HPs)
             Began as a Demigod Fire Elementalist on Dec 20, 2020.
             Slain by an orc priest
             ... wielding a +0 hand axe
              (6 damage)
             ... on level 3 of the Dungeon.
             The game lasted 00:08:31 (3635 turns).

Abzac the Firebug (Demigod Fire Elementalist)       Turns: 3635, Time: 00:08:32

Health: -1/38      AC:  3    Str: 13    XL:     5   Next: 22%
Magic:  9/11       EV: 12    Int: 19    God:
Gold:   31         SH:  0    Dex: 16    Spells: 7/8 levels left

rFire    . . .     SeeInvis .   d - +0 short sword
rCold    . . .     Gourm    .   (no shield)
rNeg     . . .     Faith    .   a - +0 robe
rPois    .         Spirit   .   (no helmet)
rElec    .         Reflect  .   g - +0 cloak
rCorr    .         Harm     .   (no gloves)
MR       .....                  (no boots)
Stlth    ++........             (no amulet)
HPRegen  0.12/turn              (no ring)
MPRegen  0.12/turn              (no ring)

@: no status effects
A: high mp 1
a: no special abilities


You were on level 3 of the Dungeon.
You were not hungry.

You visited 1 branch of the dungeon, and saw 4 of its levels.

You collected 31 gold pieces.

Inventory:

Hand Weapons
 d - a +0 short sword (weapon)
Armour
 a - a +0 robe (worn)
 g - a +0 cloak (worn)
 h - a +0 helmet
Jewellery
 b - an uncursed ring of protection from magic
Scrolls
 e - a scroll of fear {unknown}
 i - a scroll of teleportation {unknown}
 k - 2 scrolls of remove curse
 l - a scroll of identify {unknown}
 m - a scroll of immolation {unknown}
 n - a scroll of fog {unknown}
Potions
 f - a potion of lignification {unknown}
Comestibles
 c - 6 rations


   Skills:
 - Level 1.7 Dodging
 - Level 1.7 Stealth
 - Level 2.3 Spellcasting
 + Level 2.6 Conjurations
 * Level 4.7 Fire Magic


You had 7 spell levels left.
You knew the following spells:

 Your Spells              Type           Power        Failure   Level  Hunger
a - Foxfire               Conj/Fire      ###.         3%          1    #......

Your spell library contained the following spells:

 Spells                   Type           Power        Failure   Level  Hunger
 Conjure Flame            Conj/Fire      ###.....     11%         3    ###....
 Inner Flame              Hex/Fire       ##......     19%         3    ###....
 Sticky Flame             Conj/Fire      ###.....     34%         4    #####..
 Fireball                 Conj/Fire      ###.......   69%         5    ######.


Dungeon Overview and Level Annotations

Branches:
Dungeon (4/15)
 Temple: D:4-7

Annotations:
D:3 Natasha


Innate Abilities, Weirdness & Mutations

You have an increased reservoir of magic. (+10% MP)


Message History

Casting: Foxfire (safe; 3% risk of failure)
Confirm with . or Enter, or press ? or * to list all spells.
You conjure some foxfire!
The foxfire hits the orc.
The orc is moderately wounded.
The orc priest invokes the aid of Beogh against you.
Beogh smites you!
* * * LOW HITPOINT WARNING * * *
You hit the orc.
The orc is almost dead.
The foxfire hits the orc.
The orc is severely wounded.
The goblin hits you but does no damage.
A kobold comes into view.
The goblin hits you with a +0 dagger.
* * * LOW HITPOINT WARNING * * *
You hit the orc.
You kill the orc!
The orc closely misses you.
The orc priest hits you with a +0 hand axe.
You die...

## ### #. #.. .
g #.# K# # ..
##.##.#.##.
###.##...K.....#
..<....o.....#
##.##ogh..###
#....@o#..#
#..#####..# #...
.... ### ..#h#
....# ...h. #.
#.# #.#


You could see an orc priest, Natasha, 2 orcs, a goblin and 2 kobolds.

Vanquished Creatures
  A bullfrog (D:2)
  Robin (D:3)
  5 adders (D:2)
  4 worms
  A dart slug (D:1)
  A leopard gecko (D:2)
  An orc (D:3)
  3 ball pythons
  13 goblins
  6 hobgoblins
  4 jackals (D:2)
  5 kobolds
  A quokka (D:2)
  3 bats
  6 frilled lizards
  7 rats
62 creatures vanquished.

Vanquished Creatures (others)
  103 foxfires
103 creatures vanquished.

Grand Total: 165 creatures vanquished

Notes
Turn   | Place    | Note
-------+----------+-------------------------------------------
     0 | D:1      | Abzac the Demigod Fire Elementalist began the quest for the
                  | Orb.
     0 | D:1      | Reached XP level 1. HP: 14/14 MP: 5/5
    33 | D:1      | Reached skill level 1 in Conjurations
   231 | D:1      | Reached skill level 3 in Fire Magic
   496 | D:1      | Reached XP level 2. HP: 20/20 MP: 2/7
  1552 | D:2      | Reached XP level 3. HP: 18/26 MP: 2/8
  2361 | D:2      | Reached XP level 4. HP: 15/33 MP: 4/10
  2393 | D:2      | Noticed a bullfrog
  2683 | D:3      | Noticed Natasha
  2778 | D:3      | Noticed Robin
  2802 | D:3      | Killed Robin
  2802 | D:3      | Reached skill level 4 in Fire Magic
  3183 | D:2      | Killed a bullfrog
  3183 | D:2      | Reached XP level 5. HP: 22/38 MP: 6/11
  3635 | D:3      | Slain by an orc priest

Illustrated notes

Levels and vault maps discovered:
D:1:      doesnt_arrival_eight_statues, layout_basic
D:2:      layout_basic
D:3:      layout_loops_ring, first_ration, uniq_natasha, uniq_grinder,
          uniq_robin
D:4:      wad_pebble_path, layout_basic, lemuel_doored_altar,
          okawaru_altar_gauntlet_db, uniq_pikel, uniq_edmund

Skill      XL: |  1  2  3  4 |
---------------+-------------+-----
Conjurations   | 1 2 |  2.6
Fire Magic     | 3 4 |  4.7
Spellcasting   | 2 |  2.3
Dodging        | |  1.7
Stealth        | |  1.7

Action                   |  1- 3 |  4- 6 || total
-------------------------+-------+-------++-------
Melee: Unarmed           |    16 |       ||    16
       Short sword       |    78 |    61 ||   139
 Cast: Foxfire           |    49 |    25 ||    74
  Use: Scroll            |     2 |     2 ||     4
       Potion            |     1 |       ||     1
 Stab: Sleeping          |     1 |     2 ||     3
  Eat: Chunk             |     5 |     4 ||     9
Armor: Robe              |    15 |    25 ||    40
Dodge: Dodged            |    80 |    54 ||   134
